 Dungeon Crawl Stone Soup version 0.31-a0-971-g75a2e9a4b4 (webtiles) character file.

Game seed: 9860246149595797099

66 Xavori the Trooper (level 4, 0/33 (35) HPs)
             Began as a Djinni Chaos Knight on Oct 28, 2023.
             Was a Plaything of Xom.
             Killed by divine providence
             ... invoked by an orc priest
              (10 damage)
             ... on level 3 of the Dungeon.
             The game lasted 00:02:12 (9799 turns).

Xavori the Trooper (Djinni Chaos Knight)            Turns: 9799, Time: 00:02:14

HP:   0/33 (35)     AC:  7    Str: 16      XL:     4   Next: 37%
Gold: 599           EV: 12    Int: 11 (12) God:    Xom [.*....] SH:  0 Dex: 18 (19)

rFire   + + .        a - +0 falchion (chaos)
rCold   x . .        (no shield)
rNeg    . . .        b - +2 leather armour
rPois   ∞            (no helmet)
rElec   .            (no cloak)
rCorr   .            (no gloves)
SInv    .            (boots unavailable)
Will    +....        (no amulet)
Stlth   +            j - +6 ring of strength
HPRegen 0.25/turn    (no ring)
MPRegen 0.00/turn

%: infuse magic (-1 HP)
@: flying, drained
A: sickness immunity, fire resistance 2, cold vulnerability 1, float, innate
caster, HP casting, extra vitality 1, iridescent scales 1, agile 1,
strong-willed 1, screaming 1
a: Renounce Religion


You were on level 3 of the Dungeon.
You worshipped Xom.
You were a plaything of Xom.
You visited 1 branch of the dungeon, and saw 3 of its levels.

You collected 599 gold pieces.

Inventory:

Hand Weapons
 a - a +0 falchion of chaos (weapon)
Armour
 b - a +2 leather armour (worn)
Jewellery
 j - a +6 ring of strength (left hand)
Scrolls
 c - a scroll of butterflies
 g - a scroll of vulnerability {unknown}
 h - 3 scrolls of identify {unknown}
 i - a scroll of immolation {unknown}
 l - a scroll of fear {unknown}
 m - a scroll of teleportation {unknown}
Potions
 d - 2 potions of curing {unknown}
 e - a potion of degeneration {unknown}
 f - a potion of resistance {unknown}
 k - a potion of berserk rage {unknown}
 n - a potion of magic {unknown}


   Skills:
 + Level 3.3 Fighting
 + Level 3.0 Long Blades
 + Level 1.7 Armour
 + Level 2.7 Dodging
 * Level 1.1 Spellcasting
 * Level 1.1 Conjurations
 * Level 1.1 Hexes
   Level 0.0 Charms
 * Level 1.1 Summonings
 * Level 1.1 Necromancy
 * Level 1.1 Translocations
 * Level 1.1 Transmutations
 * Level 1.1 Fire Magic
 * Level 1.1 Ice Magic
 * Level 1.1 Air Magic
 * Level 1.1 Earth Magic
 * Level 1.1 Poison Magic


You knew the following spells:

 Your Spells              Type           Power      Damage    Failure   Level
a - Sting                 Tmut/Pois      12%        1d3       26%         1
Your spell library was empty.

Dungeon Overview and Level Annotations

Branches:
Dungeon (3/15)

Altars:

Annotations:
D:3 1 transporter, Gormless's ghost, amateur FeSh


Innate Abilities, Weirdness & Mutations

You are immune to sickness and miasma.
You are immune to poison.
Your flesh is very heat resistant. (rF++)
You are vulnerable to cold. (rC-)
You float through the air rather than walking.
You learn spells naturally, not from books.
Your magical power is your life essence.
You have superior vitality. (+4 MHP)
You are partially covered in iridescent scales. (AC +2)
You are agile. (Dex +4, Str/Int -1)
You are strong-willed. (Will+)
You occasionally shout uncontrollably at your foes.


Message History

An orc is nearby!
An orc comes into view. It is wielding a +0 hand axe.
An orc priest comes into view. It is wielding a +0 dagger.
The orc priest shouts!
The orc shouts!
The orc priest calls down the wrath of Beogh upon you.
Beogh smites you!
You hear a shout!
There are monsters nearby!
You hit the orc. You burn the orc.
The orc is moderately wounded.
An orc priest comes into view. It is wielding a +0 dagger.
The orc hits you but does no damage.
You closely miss the orc.
The orc is moderately wounded.
The orc hits you but does no damage.
You slash the orc! You freeze the orc.
You kill the orc!
A ball python comes into view.
Unknown command.
The ball python hisses angrily.
You hit the orc. You burn the orc.
The orc is severely wounded.
The orc hits you but does no damage.
The orc priest looks satisfied for a moment.
The orc attacks as it pursues you! The orc misses you.
The orc attacks as it pursues you! The orc hits you with a +0 hand axe.
The ball python attacks as it pursues you!
The ball python barely misses you. The ball python grabs you.
The ball python constricts you.
You escape the ball python's grasp.
The orc priest looks braver for a moment.
The ball python attacks as it pursues you!
The ball python closely misses you. The ball python barely misses you.
The orc priest mumbles some strange prayers to Beogh against you.
Beogh smites you!
A shower of butterflies erupts from you!
The orc priest mumbles some strange prayers to Beogh against you.
Beogh smites you!
You die...
Xom giggles madly!

.. #>...#..# ##.....#...
#.#.######.##.#.## ##..........
#..........#.... #...........
#..###...##<.### #........... #..
##......### #...........
#.###.###....####...........
#........b##....#...........
###...##..b####.............
##..##.....@######...>......
######..###.##.#.S######...).#...
........###.##.##....####o#....##
#####.#....<......##o#....#..o...
###.####....###....oo.........#
#.... #.............##....##..
##.## ####.#.#########.##.#.##...
#..###.....#.# ####..#.#.##...
...........#.# #.......#.##..#


You could see 2 orc priests, an orc and a ball python.

Vanquished Creatures
  2 adders (D:2)
  2 dart slugs (D:1)
  An orc (D:3)
  2 ball pythons
  3 endoplasms
  2 giant cockroaches
  3 goblins
  4 hobgoblins
  3 jackals (D:2)
  2 kobolds (D:1)
  5 quokkas
  4 bats
  3 frilled lizards
  3 rats (D:1)
39 creatures vanquished.

Notes
Turn   | Place    | Note
-------+----------+-------------------------------------------
     0 | D:1      | Xavori the Djinni Chaos Knight began the quest for the Orb.
     0 | D:1      | Reached XP level 1. HP: 20/20 MP: 0/0
   133 | D:1      | Reached XP level 2. HP: 25/25 MP: 0/0
   162 | D:1      | XOM: potion effect (brilliance)
   173 | D:1      | XOM: divination: magic mapping
   183 | D:1      | Reached XP level 3. HP: 28/30 MP: 0/0
   183 | D:1      | Learned a level 1 spell: Sting
   462 | D:1      | XOM: silly message
   746 | D:1      | XOM: cloud trail
  1004 | D:1      | XOM: cloud trail
  1157 | D:1      | XOM: divination: detect items
  1265 | D:1      | XOM: silly message
  1413 | D:1      | XOM: silly message
  1773 | D:1      | XOM: silly message
  2510 | D:1      | XOM: divination: detect items
  2682 | D:1      | XOM: divination: magic mapping
  2806 | D:1      | XOM: god gift: scroll labelled GYMEXE TOMOACY {god gift}
  4306 | D:1      | XOM: god gift: 2 atropa-tipped darts
  5311 | D:1      | XOM: draining
  5331 | D:1      | XOM: stat loss: -1 Str (10/11)
  5609 | D:1      | XOM: give mutation
  5609 | D:1      | Gained mutation: You have a pair of small antennae on your
                  | head. [Xom's mischief]
  5621 | D:1      | XOM: stat loss: -1 Int (12/13)
  5747 | D:1      | XOM: give mutation
  5747 | D:1      | Gained mutation: You are agile. (Dex +4, Str/Int -1) [Xom's
                  | grace]
  6044 | D:1      | XOM: stat loss: -1 Dex (17/18)
  6305 | D:1      | XOM is BORED!
  7369 | D:1      | XOM: summons 2 hostile demons
  7506 | D:2      | XOM: 3-stop teleportation journey
  7511 | D:2      | XOM: summons 3 hostile shadow creatures
  8418 | D:1      | XOM: give mutations
  8418 | D:1      | Gained mutation: You are frail. (-10% HP) [Xom's mischief]
  8418 | D:1      | Gained mutation: You are strong-willed. (Will+) [Xom's
                  | mischief]
  8418 | D:1      | Lost mutation: You have a pair of small antennae on your
                  | head. [Xom's mischief]
  9210 | D:2      | Reached skill level 1 in Spellcasting
  9210 | D:2      | Reached skill level 1 in Conjurations
  9210 | D:2      | Reached skill level 1 in Hexes
  9210 | D:2      | Reached skill level 1 in Summonings
  9210 | D:2      | Reached skill level 1 in Necromancy
  9210 | D:2      | Reached skill level 1 in Translocations
  9210 | D:2      | Reached skill level 1 in Transmutations
  9210 | D:2      | Reached skill level 1 in Fire Magic
  9210 | D:2      | Reached skill level 1 in Ice Magic
  9210 | D:2      | Reached skill level 1 in Air Magic
  9210 | D:2      | Reached skill level 1 in Earth Magic
  9210 | D:2      | Reached skill level 1 in Poison Magic
  9258 | D:2      | XOM: polymorph kobold -> bat
  9295 | D:2      | Found a faded altar of an unknown god.
  9316 | D:2      | Reached XP level 4. HP: 24/27 MP: 0/0
  9474 | D:2      | XOM: god gift: 444 gold pieces
  9580 | D:2      | XOM: give mutations
  9580 | D:2      | Gained mutation: You occasionally shout uncontrollably at
                  | your foes. [Xom's mischief]
  9580 | D:2      | Gained mutation: You are partially covered in iridescent
                  | scales. (AC +2) [Xom's mischief]
  9580 | D:2      | Lost mutation: You are frail. (-10% HP) [Xom's mischief]
  9691 | D:3      | XOM: noise
  9715 | D:3      | Found a transporter.
  9715 | D:3      | Noticed Gormless's ghost (amateur FeSh)
  9734 | D:3      | XOM: 10-stop teleportation journey
  9799 | D:3      | XOM: butterfly on damage
  9799 | D:3      | Killed from afar by an orc priest

Illustrated notes

Levels and vault maps discovered:
D:1:      ncdulo_watergridlock, layout_basic, st_stairs_11
D:2:      cheibrodos_old_hovel, layout_rooms, shapermc_ecumenical_altar_venn
D:3:      layout_rooms, mainiacjoe_overflow_boulevard, gammafunk_ghost_mausoleum

Skill      XL: |  1  2  3 |
---------------+----------+-----
Long Blades    | 3 |  3.0
Spellcasting   | 1 |  1.1
Conjurations   | 1 |  1.1
Hexes          | 1 |  1.1
Summonings     | 1 |  1.1
Necromancy     | 1 |  1.1
Translocations | 1 |  1.1
Transmutations | 1 |  1.1
Fire Magic     | 1 |  1.1
Ice Magic      | 1 |  1.1
Air Magic      | 1 |  1.1
Earth Magic    | 1 |  1.1
Poison Magic   | 1 |  1.1
Fighting       | |  3.3
Armour         | |  1.7
Dodging        | |  2.7

Action                     |  1- 3 |  4- 6 || total
---------------------------+-------+-------++-------
  Melee: Falchion          |    97 |    21 ||   118
         Punch             |     3 |       ||     3
    Use: Scroll            |     1 |       ||     1
   Stab: Sleeping          |     1 |       ||     1
 Armour: Leather armour    |    61 |    18 ||    79
  Dodge: Dodged            |    64 |    15 ||    79

Table legend: (Time is in decaauts)
 A = Elapsed time spent in this place.
 B = Non-inter-level travel time spent in this place.
 C = Inter-level travel time spent in this place.
 D = Time resting spent in this place.
 E = Time spent auto-exploring this place.
 F = Levels seen in this place.
 G = Mean time per level.
                   A        B        C        D        E       F      G
               +--------+--------+--------+--------+--------+-----+--------+
         Total |   9818 |   9802 |     16 |   8494 |   1020 |   3 | 3272.7 |
       Dungeon |   9818 |   9802 |     16 |   8494 |   1020 |   3 | 3272.7 |
               +--------+--------+--------+--------+--------+-----+--------+

Top non-repeatable levels by time:
     D:1: 9044 daAuts
     D:2: 665 daAuts
     D:3: 109 daAuts
